 Dungeon Crawl Stone Soup version 0.30-b1-2-g02819fbbbe (webtiles) character file.

Game seed: 6471645561510685269

445 Lognu the Chopper (level 7, -16/60 HPs)
             Began as a Hill Orc Fighter on May 3, 2023.
             Was an Initiate of Makhleb.
             Killed by an exploding killer bee (24 damage)
             ... ignited by their inner flame
             ... on level 5 of the Dungeon.
             The game lasted 00:38:19 (2509 turns).

Lognu the Chopper (Hill Orc Fighter)                Turns: 2509, Time: 00:38:22

Health: -16/60     AC:  9    Str: 21    XL:     7   Next: 3%
Magic:  7/7        EV:  8    Int:  8    God:    Makhleb [......]
Gold:   209        SH:  6    Dex: 10    Spells: 6/6 levels left

rFire   . . .        D - +2 hand axe (flame)
rCold   . . .        z - +2 buckler
rNeg    . . .        h - +0 chain mail
rPois   .            (no helmet)
rElec   .            (no cloak)
rCorr   .            (no gloves)
SInv    .            (no boots)
Will    .....        (no amulet) Stlth
                     (no ring)
HPRegen 0.30/turn    (no ring)
MPRegen 0.10/turn

%: no passive effects
@: hasted, very quick
A: no striking features
a: Renounce Religion


You were on level 5 of the Dungeon.
You worshipped Makhleb.
Makhleb was noncommittal.
You visited 1 branch of the dungeon, and saw 5 of its levels.
You also visited: Sewer.

You collected 209 gold pieces.

Inventory:

Hand Weapons
 a - a +0 war axe of protection
 e - a +0 club
 g - a +0 dagger
 k - a +0 dagger
 m - a +0 dagger
 p - a +0 short sword
 r - a +0 sling
 s - a +0 dagger
 y - a +0 trident
 B - a +0 giant club
 C - a +2 dagger of pain
 D - a +2 hand axe of flaming (weapon)
Missiles
 l - 12 poisoned darts (quivered)
 n - 35 stones
Armour
 b - a +0 scale mail
 c - a +0 buckler
 f - a +0 barding
 h - a +0 chain mail (worn)
 i - a +0 ring mail
 j - a +0 ring mail
 v - a +0 ring mail
 w - a +0 leather armour
 z - a +2 buckler (worn)
Scrolls
 o - a scroll of silence
 q - a scroll of blinking {unknown}
 u - 2 scrolls of enchant weapon
 A - a scroll of enchant armour {unknown}
Potions
 d - a potion of haste
 t - a potion of curing


   Skills:
 + Level 4.5 Fighting
 * Level 7.6 Axes
 + Level 0.3 Throwing
 + Level 4.1 Armour
 + Level 0.6 Dodging
 + Level 4.3 Shields


You had 6 spell levels left.
You didn't know any spells.
Your spell library contained the following spells:

 Spells                   Type           Power      Damage    Failure   Level
 Cigotuvi's Dreadful Rot  Necr/Pois/Air  0%         N/A       99%         2
 Ignite Poison            Fire/Tmut/Pois 0%         N/A       100%        3
 Freezing Cloud           Conj/Ice/Air   0%         6-21      100%        5
 Malign Gateway           Summ/Tloc      0%         N/A       100%        7
 Summon Horrible Things   Summ           0%         N/A       100%        8


Dungeon Overview and Level Annotations

Branches:
Dungeon (5/15)              Sewer (visited)
 Temple: D:4-7

Altars:
Makhleb


Message History

The gnoll shouts!
You hear a shout!
The killer bee barely misses you. x3
You hit the iguana.
Flame seeps out of the iguana.
You burn the iguana.
Flame seeps out of the iguana.
The iguana is almost dead.
You closely miss the killer bee. You barely miss the killer bee.
You hit the killer bee.
Flame seeps out of the killer bee.
You burn the killer bee.
Flame seeps out of the killer bee.
You closely miss the iguana. You block the killer bee's attack.
The killer bee is engulfed in blazing flames.
Flame seeps out of the killer bee.
The killer bee stings you! You block the killer bee's attack.
The iguana barely misses you.
The iguana is engulfed in blazing flames.
Makhleb accepts your kill.
The iguana explodes!
The fiery explosion engulfs the orc!
Makhleb accepts your kill.
The fiery explosion engulfs the gnoll!!
Makhleb accepts your kill.
The fiery explosion engulfs the killer bee!
Flame seeps out of the killer bee.
The killer bee is almost dead.
The fiery explosion engulfs you!
The fiery explosion engulfs the iguana!!
Makhleb accepts your kill.
The fiery explosion engulfs the killer bee!!!
Makhleb accepts your kill.
The fiery explosion engulfs the killer bee!!!
Makhleb accepts your kill.
The fiery explosion engulfs the killer bee!!
Makhleb accepts your kill.
The killer bee explodes!
The fiery explosion engulfs the black bear!!
Flame seeps out of the black bear.
The black bear is almost dead.
The fiery explosion engulfs you!
* * * LOW HITPOINT WARNING * * *
The killer bee explodes!
The fiery explosion engulfs you!!
You die...

......# ..
#.#.... .#
.)..... .#
......##.#
##....#..##
##....§§§..#
.....§§§§..#
.g..[y○@§..#
.$g..§§○h..#
##....§§§..#
#.........#
#..$......#
...........#
#..........#
#..........#


You could see a black bear (inner flame), a killer bee (inner flame) and 2
gnolls.

Vanquished Creatures
  A water moccasin (Sewer)
  An ogre (D:4)
  A jelly (D:4)
  3 killer bees (D:5)
  A howler monkey (D:4)
  A hound (D:4)
  4 iguanas
  3 adders
  A gnoll (D:5)
  A worm (D:3)
  4 orcs
  10 bats
  5 endoplasms
  2 giant cockroaches
  5 goblins
  7 hobgoblins
  A quokka (D:3)
  7 ball pythons
  5 kobolds
  3 rats
66 creatures vanquished.

Vanquished Creatures (others)
  3 plants (D:1)
3 creatures vanquished.

Grand Total: 69 creatures vanquished

Notes
Turn   | Place    | Note
-------+----------+-------------------------------------------
     0 | D:1      | Lognu the Hill Orc Fighter began the quest for the Orb.
     0 | D:1      | Reached XP level 1. HP: 19/19 MP: 1/1
   200 | D:1      | Reached XP level 2. HP: 27/27 MP: 2/2
   512 | D:1      | Reached skill level 3 in Axes
   647 | D:2      | Reached XP level 3. HP: 30/33 MP: 3/3
  1020 | D:3      | Found a faded altar of an unknown god.
  1102 | D:3      | Reached skill level 4 in Axes
  1102 | D:3      | Reached XP level 4. HP: 31/40 MP: 4/4
  1298 | D:3      | Found a glowing drain.
  1365 | Sewer    | Entered a sewer
  1401 | Sewer    | Noticed a water moccasin
  1414 | Sewer    | Killed a water moccasin
  1415 | Sewer    | Reached skill level 5 in Axes
  1415 | Sewer    | Reached XP level 5. HP: 12/46 MP: 5/5
  2072 | D:4      | Noticed an ogre
  2085 | D:4      | Killed an ogre
  2086 | D:4      | Reached skill level 6 in Axes
  2086 | D:4      | Reached XP level 6. HP: 52/52 MP: 6/6
  2143 | D:4      | Reached skill level 7 in Axes
  2226 | D:4      | Found a burning altar of Makhleb.
  2231 | D:4      | Became a worshipper of Makhleb the Destroyer
  2418 | D:4      | Reached XP level 7. HP: 60/60 MP: 7/7
  2503 | D:5      | Entered Level 5 of the Dungeon
  2509 | D:5      | Killed by an exploding killer bee... ignited by their inner
                  | flame

Illustrated notes

Levels and vault maps discovered:
D:1:      lightli_molten_gateway, layout_basic, minivault_11,
          serial_bayou_lake_a
D:2:      layout_basic, minmay_crystal_water, moated_statue,
          nicolae_concentric_dashed_squares_mild
D:3:      layout_basic, nicolae_yredelemnul_corpse_copse,
          hellmonk_ecumenical_altar_arch_garden, cheibrodos_sewer_entry_bend
D:4:      cheibrodos_barr_body, layout_gridville,
          mainiacjoe_overflow_six_doors_small
D:5:      layout_rooms, minmay_temple_entry_stoned_glass

Skill      XL: |  1  2  3  4  5  6 |
---------------+-------------------+-----
Axes           | 3 4 5 6 7 |  7.6
Fighting       | 4 |  4.5
Shields        | 4 |  4.3
Armour         | 4 |  4.1
Throwing       | |  0.3
Dodging        | |  0.6

Action                     |  1- 3 |  4- 6 |  7- 9 || total
---------------------------+-------+-------+-------++-------
  Melee: War axe           |    90 |    97 |       ||   187
         Hand axe          |       |     2 |     4 ||     6
  Throw: Stone             |     3 |       |       ||     3
         Dart              |     3 |     4 |       ||     7
    Use: Scroll            |     3 |     1 |     4 ||     8
         Potion            |       |     1 |     1 ||     2
 Armour: Scale mail        |     7 |       |       ||     7
         Chain mail        |    35 |    79 |     1 ||   115
  Dodge: Dodged            |    34 |    35 |     7 ||    76
  Block: Buckler           |    21 |    28 |     6 ||    55
